 Dungeon Crawl Stone Soup version 0.20.1-1-g8b1a95d (webtiles) character file.

60 Irenicus the Slasher (level 4, -2/31 HPs)
             Began as an Octopode Chaos Knight on Oct 13, 2017.
             Slain by a goblin
             ... wielding a +0 dagger
              (3 damage)
             ... on level 2 of the Dungeon.
             The game lasted 00:02:55 (1189 turns).

Irenicus the Slasher (Octopode Chaos Knight)        Turns: 1189, Time: 00:02:56

Health: -2/31      AC:  1    Str: 11    XL:     4   Next: 6%
Magic:  4/4        EV: 13    Int: 11    God:    Xom [..*...]
Gold:   27         SH:  2    Dex: 12    Spells: 3/3 levels left

rFire    . . .     SeeInvis .   a - +0 falchion (chaos)
rCold    . . .     Gourm    .   (no shield)
rNeg     . . .     Faith    .   (helmet restricted)
rPois    .         Spirit   .   k - +2 amulet of reflection
rElec    .         Reflect  +   e - -3 ring of intelligence (curse)
rCorr    .         Harm     .   g - ring of stealth
MR       .....                  (no ring)
Stlth    +++.......             (no ring)
Regen    0.1/turn               (no ring)
MPRegen  0.1/turn               (no ring)
                                (no ring)
                                (no ring)

@: hasted, very quick
A: almost no armour, stealthy swim, amphibious, 8 rings, constrict 8, camouflage
1, gelatinous body 1
a: Renounce Religion


You were on level 2 of the Dungeon.
You worshipped Xom.
You were a toy of Xom.
You were hungry.

You visited 1 branch of the dungeon, and saw 2 of its levels.

You collected 27 gold pieces.

Inventory:

Hand Weapons
 a - a +0 falchion of chaos (weapon)
 j - a +0 dagger of electrocution
 m - a +1 dagger of venom
Jewellery
 e - a cursed -3 ring of intelligence (left tentacle)
 g - a ring of stealth (right tentacle)
 k - a +2 amulet of reflection (around mantle)
Scrolls
 f - a scroll of fog {unknown}
 i - a scroll of remove curse {unknown}
 l - a scroll of identify {unknown}
Potions
 d - a potion of might {unknown}
 h - a potion of brilliance
Comestibles
 b - a bread ration


   Skills:
 - Level 3.0 Fighting
 + Level 4.8 Long Blades
 - Level 2.3 Dodging


You had 3 spell levels left.
You didn't know any spells.

Dungeon Overview and Level Annotations

Branches:
Dungeon (2/15)

Altars:
Hepliaklqana
Trog

Annotations:
D:2 Ijyb


Innate Abilities, Weirdness & Mutations

You cannot wear most types of armour.
You are very stealthy in the water. (Stealth+)
You are amphibious.
You can wear up to eight rings at the same time.
You can use your tentacles to constrict eight enemies at once.
Your skin changes colour to match your surroundings (Stealth+).
Your rubbery body absorbs attacks. (AC +1, EV +1)


Message History

Your +1 dagger of venom stops dripping with poison.
Your +0 falchion of chaos is briefly surrounded by a scintillating aura of random colours.
a - a +0 falchion of chaos (weapon)
The goblin shouts!
Ijyb shouts!
The ooze quivers.
Ijyb screams, "I cut your head off!"
The goblin shouts! x2
Ijyb zaps a wand.
The bolt of lightning hits you!
Ouch! That really hurt!
* * * LOW HITPOINT WARNING * * *
It is a wand of lightning (?/15).
Ijyb zaps a wand.
The bolt of lightning misses the goblin.
The bolt of lightning misses you.
Things that are here:
a goblin corpse x2
It was a potion of haste.
You feel yourself speed up.
Xom thinks this is hilarious!
The goblin hits you with a dagger.
You die...

#+# #.# #.########
#.#......# #####.#......#
..............
.####.###################
................@g......#
....#.############g.###..
....#.# 8.8.8.8..#
.####.# .....g...# ## #.#
.....g...# #.# .........#
..# ...g.....# ..
.........# 8.8.8.8..#


You could see Ijyb and a goblin.

Vanquished Creatures
  A gnoll (D:1)
  An adder (D:2)
  A dart slug (D:2)
  A ball python (D:1)
  A giant cockroach (D:1)
  10 goblins
  5 hobgoblins
  A jackal (D:1)
  3 bats (D:1)
  A frilled lizard (D:1)
  6 kobolds
  5 rats (D:1)
36 creatures vanquished.

Vanquished Creatures (collateral kills)
  A bat (D:1)
  A giant cockroach (D:1)
  A rat (D:1)
3 creatures vanquished.

Grand Total: 39 creatures vanquished

Notes
Turn   | Place    | Note
-------+----------+-------------------------------------------
     0 | D:1      | Irenicus the Octopode Chaos Knight began the quest for the Orb.
     0 | D:1      | Reached XP level 1. HP: 16/16 MP: 1/1
   116 | D:1      | XOM: butterfly on damage
   204 | D:1      | XOM: potion effect (berserk rage)
   205 | D:1      | Reached XP level 2. HP: 1/21 MP: 2/2
   568 | D:1      | Reached skill level 4 in Long Blades
   579 | D:1      | Reached XP level 3. HP: 14/26 MP: 3/3
  1131 | D:2      | Found a hazy altar of Hepliaklqana.
  1131 | D:2      | Found a bloodstained altar of Trog.
  1151 | D:2      | Reached XP level 4. HP: 14/31 MP: 4/4
  1168 | D:2      | Noticed Ijyb
  1184 | D:2      | HP: 1/31 [Ijyb/wand of lightning (?/15) (17)]
  1189 | D:2      | Slain by a goblin

Skill      XL: |  1  2 |
---------------+-------+-----
Long Blades    | 4 |  4.8
Fighting       | |  3.0
Dodging        | |  2.3

Action                   |  1- 3 |  4- 6 || total
-------------------------+-------+-------++-------
Melee: Falchion          |    62 |     2 ||    64
       Constrict         |    19 |     1 ||    20
       Tentacles         |    10 |     1 ||    11
  Use: Potion            |     1 |     1 ||     2
 Stab: Sleeping          |     3 |       ||     3
Armor: Skin              |     6 |       ||     6
Dodge: Dodged            |    48 |     1 ||    49
Block: Other             |     1 |       ||     1
       Rpst.: Falchion   |    16 |       ||    16
